 Dungeon Crawl Stone Soup version 0.25-a0-665-ga69d64035b (webtiles) character file.

Game seed: 18431978780707653755, levelgen mode: deterministic

60 DavidChitty2 the Chucker (level 3, 0/31 HPs)
             Began as a Minotaur Hunter on Mar 26, 2020.
             Slain by a howler monkey (4 damage)
             ... on level 3 of the Dungeon.
             The game lasted 00:02:52 (2052 turns).

DavidChitty2 the Chucker (Minotaur Hunter)          Turns: 2052, Time: 00:02:53

Health: 0/31       AC:  8    Str: 14 (17) XL:     3   Next: 82%
Magic:  2/2        EV:  6    Int:  7 (8)  God:
Gold:   95         SH:  0    Dex:  7 (10) Spells: 2/2 levels left

rFire    + . .     SeeInvis .   a - +0 short sword
rCold    + . .     Gourm    +   (no shield)
rNeg     . . .     Faith    .   s - +0 chain mail
rPois    +         Spirit   .   (helmet restricted)
rElec    +         Reflect  .   u - -2 cloak (curse)
rCorr    +         Harm     .   n - +0 pair of gloves
MR       .....                  (no boots)
Stlth    ..........             l - amulet of the gourmand
HPRegen  0.10/turn              (no ring)
MPRegen  0.08/turn              (no ring)

@: mighty, lethally poisoned (0 -> -23), resistant
A: retaliatory headbutt, horns 2
a: no special abilities


You were on level 3 of the Dungeon.
You were very full.

You visited 1 branch of the dungeon, and saw 3 of its levels.

You collected 95 gold pieces.

Inventory:

Hand Weapons
 a - a +0 short sword (weapon)
 p - a +3 hunting sling of flaming
   (You found it on level 3 of the Dungeon)
Missiles
 c - 6 javelins
 d - 2 throwing nets {!f}
 i - 20 poisoned darts (quivered)
 r - 2 boomerangs
 v - 13 sling bullets
 w - 83 stones
Armour
 n - a +0 pair of gloves (worn)
   (You found it on level 2 of the Dungeon)
 s - a +0 chain mail (worn)
   (You took it off an orc on level 3 of the Dungeon)
 u - a cursed -2 cloak (worn)
   (You found it on level 3 of the Dungeon)
Jewellery
 b - an uncursed ring of resist corrosion {unknown}
   (You found it on level 2 of the Dungeon)
 l - an amulet of the gourmand (around neck)
   (You found it on level 2 of the Dungeon)
 t - an uncursed amulet of rage {unknown}
   (You found it on level 3 of the Dungeon)
Scrolls
 g - a scroll of random uselessness {unknown}
 j - a scroll of fear {unknown}
 k - 2 scrolls of identify {unknown}
Potions
 f - 2 potions of heal wounds {@q2}
Comestibles
 e - 6 rations {!d}


   Skills:
 + Level 3.2 Fighting
 * Level 4.7 Throwing
 + Level 3.0 Dodging
 - Level 1.0 Stealth


You had 2 spell levels left.
You didn't know any spells.
Your spell library was empty.

Dungeon Overview and Level Annotations

Branches:
Dungeon (3/15)

Altars:


Innate Abilities, Weirdness & Mutations

You reflexively headbutt those who attack you in melee.
You have a pair of horns on your head.


Message History

The kobold throws a poisoned dart.
The poisoned dart hits you!
You are lethally poisoned!
It was a potion of cancellation.
You feel magically purged.
You feel sick.
The kobold throws a poisoned dart.
The poisoned dart hits you!
You are more poisoned.
It was a potion of degeneration.
There was something very wrong with that liquid.
You feel weakened.
You feel dopey.
You feel clumsy.
You feel very sick.
The howler monkey hits you but does no damage.
It was a potion of resistance.
You feel protected.
You feel very sick. The howler monkey hits you.
The kobold hits you but does no damage.
The adder skeleton bites you but does no damage.
The howler monkey hoots and howls with incredible vigour!
You hear a shout! x3
It was a potion of might.
You feel very mighty all of a sudden.
You feel very sick. The kobold hits you.
The howler monkey hits you but does no damage.
The adder skeleton bites you but does no damage.
You puncture the howler monkey!
* * * LOW HITPOINT WARNING * * *
You feel very sick. The kobold hits you but does no damage.
The howler monkey hits you but does no damage.
The adder skeleton bites you.
* * * LOW HITPOINT WARNING * * *
You closely miss the kobold.
* * * LOW HITPOINT WARNING * * *
You feel sick.
The howler monkey hits you but does no damage.
The kobold barely misses you. The adder skeleton barely misses you.
You puncture the kobold!
You kill the kobold!
Your Dodging skill increases to level 3!
* * * LOW HITPOINT WARNING * * *
You feel very sick.
The howler monkey hoots and howls with incredible vigour!
The adder skeleton barely misses you.
The howler monkey hits you but does no damage.
You hear a shout!
Your chain mail prevents you from hitting the howler monkey.
You headbutt the howler monkey.
* * * LOW HITPOINT WARNING * * *
You feel sick.
The adder skeleton bites you but does no damage.
The howler monkey hits you.
You die...

# .[ ###..# # .#.
#.....#### ..#
#...#....) ..##
#####..######.
####..###.....#.......
#..........##.#.......
#....hZ...............
#....@................
#...).(....#..........
#......(...##.....[###
#.......(.....######
####.##...#.###
#.##...(.#
####......###
#######.....#...#
#...[.....###.......


You could see a howler monkey and an adder skeleton.

Vanquished Creatures
  2 adders
  An ooze (D:3)
  A worm (D:2)
  An orc (D:3)
  5 bats
  2 giant cockroaches
  5 goblins
  4 hobgoblins
  2 jackals (D:2)
  A quokka (D:2)
  A ball python (D:2)
  A frilled lizard (D:2)
  3 kobolds
  2 rats (D:2)
31 creatures vanquished.

Notes
Turn   | Place    | Note
-------+----------+-------------------------------------------
     0 | D:1      | DavidChitty2 the Minotaur Hunter began the quest for the
                  | Orb.
     0 | D:1      | Reached XP level 1. HP: 18/18 MP: 0/0
   183 | D:1      | Reached skill level 1 in Stealth
   368 | D:1      | Reached XP level 2. HP: 22/25 MP: 1/1
   963 | D:2      | Reached XP level 3. HP: 30/30 MP: 2/2
  2052 | D:3      | Slain by a howler monkey

Levels and vault maps discovered:
D:1:      dpeg_arrival_rhombus, layout_basic
D:2:      layout_loops_corners
D:3:      layout_rooms

Skill      XL: |  1  2  3 |
---------------+----------+-----
Stealth        | 1 |  1.0
Fighting       | 3 |  3.2
Dodging        | 3 |  3.0
Throwing       | |  4.7

Action                   || total
-------------------------++-------
Melee: Short sword       ||    75
       Headbutt          ||    13
Throw: Javelin           ||     5
  Use: Potion            ||     5
  Eat: Chunk             ||    17
Armor: Leather armour    ||     4
       Chain mail        ||    21
       Scale mail        ||    11
Dodge: Dodged            ||    44

Table legend:
 A = Non-vault XP
 B = Vault XP
 C = Vault XP percentage of total XP
 D = Non-vault monster count
 E = Vault monster count
 F = Vault count percentage of total count
                 A         B        C        D         E       F
            +---------+---------+-------+---------+---------+-------
      Total |      87 |       0 |   0.0 |      31 |       0 |   0.0
            +---------+---------+-------+---------+---------+-------
        D:1 |      12 |       0 |   0.0 |       7 |       0 |   0.0
        D:2 |      43 |       0 |   0.0 |      17 |       0 |   0.0
        D:3 |      32 |       0 |   0.0 |       7 |       0 |   0.0
            +---------+---------+-------+---------+---------+-------
